 Dungeon Crawl Stone Soup version 0.20.1-1-g8b1a95d (webtiles) character file.

103 asishallab the Chucker (level 4, 0/61 HPs)
             Began as a Troll Hunter on Dec 26, 2017.
             Slain by Natasha (4 damage)
             ... on level 2 of the Dungeon on Dec 27, 2017.
             The game lasted 00:05:34 (1456 turns).

asishallab the Chucker (Troll Hunter)               Turns: 1456, Time: 00:05:35

Health: 0/61       AC: 22    Str: 17 (20) XL:     4   Next: 51%
Magic:  3/3        EV:  1    Int:  4 (7)  God:
Gold:   113        SH:  0    Dex: 10 (11) Spells: 3/3 levels left

rFire    . . .     SeeInvis .   a - +0 short sword
rCold    . . .     Gourm    +   (no shield)
rNeg     + + +     Faith    .   (armour currently unavailable)
rPois    +         Spirit   .   (helmet currently unavailable)
rElec    .         Reflect  .   (cloak currently unavailable)
rCorr    .         Harm     .   (gloves unavailable)
MR       .....     NoTele   +   (boots unavailable)
Stlth    +.........             (no amulet)
Regen    0.6/turn               (no ring)
MPRegen  0.1/turn               (no ring)

@: tree-form, slowed, very slow
A: unfitting armour, fast metabolism 3, gourmand, regeneration 1
a: no special abilities


You were on level 2 of the Dungeon.
You were completely stuffed.
You were a tree.
You visited 1 branch of the dungeon, and saw 2 of its levels.

You collected 113 gold pieces.

Inventory:

Hand Weapons
 a - a +0 short sword (weapon)
Missiles
 e - 97 stones (quivered)
Armour
 b - a +0 robe (melded)
Scrolls
 g - a scroll of remove curse
 j - 2 scrolls of blinking
Potions
 d - a potion of resistance {unknown}
Comestibles
 f - 2 bread rations
 h - a royal jelly


   Skills:
 - Level 1.5 Fighting
 * Level 5.0 Throwing
 + Level 2.4 Dodging
 - Level 0.3 Stealth


You had 3 spell levels left.
You didn't know any spells.

Dungeon Overview and Level Annotations

Branches:
Dungeon (2/15)

Altars:

Annotations:
D:2 Natasha


Innate Abilities, Weirdness & Mutations

You are too large for most types of armour.
((You have claws for hands.))
Your metabolism is lightning-fast.
You like to eat raw meat.
Your natural rate of healing is unusually fast.
((You are covered in fur. (AC +1)))
((You have very tough skin. (AC +2)))


Message History

Natasha is severely wounded.
Natasha stares at you and mumbles some strange words.
The magic dart hits you!
* * * LOW HITPOINT WARNING * * *
The shadow imp grins evilly.
The shadow imp completely misses you. Natasha barely misses you.
The shadow imp misses you.
You hit Natasha.
Natasha is almost dead.
The crimson imp hits you but does no damage.
Natasha barely misses you. The shadow imp hits you.
* * * LOW HITPOINT WARNING * * *
The crimson imp closely misses you. Natasha claws you!
* * * LOW HITPOINT WARNING * * *
You turn into a tree.
Your +0 robe melds into your body.
Your roots penetrate the ground.
The shadow imp hits you but does no damage.
The crimson imp hits you but does no damage.
Natasha claws you.
You die...

####...###.#..##############
####.......................#
...........###########.....#
#.............# #..†..#
####..........# #######
###.........###########
##.....................#
##..#....)..............#
................♣h......#
##.##...........55......#
##.##...............((..#
...##.............#######
.####.........#...# .#
########..###...# .# #...##
#....# ## ##.### #.#..##
######### . #..#
.#....##.......#


You could see Natasha, a crimson imp and a shadow imp.

Vanquished Creatures
  Natasha (D:2)
  A gnoll (D:1)
  3 adders (D:2)
  2 worms (D:2)
  3 dart slugs
  A leopard gecko (D:2)
  3 bats (D:2)
  2 giant cockroaches
  5 goblins
  3 hobgoblins
  2 frilled lizards
  2 kobolds (D:1)
  5 rats
33 creatures vanquished.

Notes
Turn   | Place    | Note
-------+----------+-------------------------------------------
     0 | D:1      | asishallab the Troll Hunter began the quest for the Orb.
     0 | D:1      | Reached XP level 1. HP: 19/19 MP: 0/0
   616 | D:1      | Reached XP level 2. HP: 27/27 MP: 1/1
   651 | D:1      | Reached skill level 4 in Throwing
   998 | D:2      | Reached XP level 3. HP: 33/33 MP: 2/2
  1155 | D:2      | Noticed Natasha
  1178 | D:2      | Killed Natasha
  1178 | D:2      | Reached XP level 4. HP: 39/41 MP: 3/3
  1383 | D:2      | Reached skill level 5 in Throwing
  1439 | D:2      | Noticed Natasha
  1455 | D:2      | HP: 2/41 [Natasha (7)]
  1456 | D:2      | Slain by Natasha

Skill      XL: |  1  2  3  4 |
---------------+-------------+-----
Throwing       | 4 5 |  5.0
Dodging        | 2 |  2.4
Fighting       | |  1.5
Stealth        | |  0.3

Action                   |  1- 3 |  4- 6 || total
-------------------------+-------+-------++-------
Melee: Short sword       |    69 |    12 ||    81
Throw: Large rock        |    22 |     8 ||    30
       Stone             |     3 |    10 ||    13
       Throwing net      |     3 |       ||     3
  Use: Potion            |     1 |     2 ||     3
       Scroll            |       |     4 ||     4
 Stab: Sleeping          |     1 |       ||     1
  Eat: Chunk             |    14 |     5 ||    19
Armor: Robe              |    37 |     8 ||    45
       Skin              |     5 |     2 ||     7
Dodge: Dodged            |    44 |    10 ||    54
